 Dungeon Crawl Stone Soup version 0.24.1-14-gf8d2b509d9 (webtiles) character file.

Game seed: 12644804722840403712, levelgen mode: deterministic

2396 tkbsonic5 the Firebug (level 9, -2/61 HPs)
             Began as a Human Fire Elementalist on Nov 24, 2021.
             Was a Believer of Kikubaaqudgha.
             Slain by a three-headed hydra (15 damage)
             ... on level 8 of the Dungeon.
             The game lasted 01:04:31 (8063 turns).

tkbsonic5 the Firebug (Human Fire Elementalist)     Turns: 8063, Time: 01:04:33

Health: -2/61      AC:  2    Str:  8    XL:     9   Next: 74%
Magic:  16/16      EV: 14    Int: 19    God:    Kikubaaqudgha [**....]
Gold:   193        SH:  0    Dex: 16    Spells: 0/18 levels left

rFire    + . .     SeeInvis .   d - +0 mace (venom)
rCold    x . .     Gourm    .   (no shield)
rNeg     . . .     Faith    .   j - +0 robe
rPois    .         Spirit   .   (helmet restricted)
rElec    .         Reflect  .   A - +0 cloak
rCorr    .         Harm     .   (no gloves)
MR       .....                  (no boots)
Stlth    +++.......             (no amulet)
HPRegen  0.20/turn              x - ring of fire
MPRegen  0.15/turn              y - ring of stealth

@: very slow
A: horns 1, camouflage 1, agile 1, deformed body
a: Receive Corpses, Renounce Religion


You were on level 8 of the Dungeon.
You worshipped Kikubaaqudgha.
Kikubaaqudgha was pleased with you.
You were not hungry.

You visited 2 branches of the dungeon, and saw 9 of its levels.

You collected 329 gold pieces.
You spent 136 gold pieces at shops.

Inventory:

Hand Weapons
 b - a +3 dagger
 d - a +0 mace of venom (weapon)
 k - a +1 battleaxe
 o - a +1 dagger of pain
 t - a +0 halberd
 u - a +1 dagger of draining
 v - a +0 flail
 B - a +0 long sword
Missiles
 r - 22 poisoned darts (quivered)
Armour
 f - a +0 ring mail of poison resistance
 j - a +0 robe (worn)
 A - a +0 cloak (worn)
Jewellery
 x - a ring of fire (left hand)
 y - a ring of stealth (right hand)
 z - an uncursed ring of positive energy
Wands
 a - a wand of acid (7)
 m - a wand of clouds (6)
 q - a wand of disintegration (5)
Scrolls
 h - 3 scrolls of remove curse
 w - a scroll of amnesia
Potions
 e - 2 potions of curing
 i - a potion of ambrosia {unknown}
 l - a potion of flight {unknown}
 D - a potion of invisibility {unknown}
 E - a potion of degeneration {unknown}
Comestibles
 c - 6 rations


   Skills:
 - Level 2.0 Fighting
 - Level 0.3 Maces & Flails
 - Level 3.5 Dodging
 - Level 3.8 Stealth
 + Level 5.1 Spellcasting
 * Level 5.4 Conjurations
 + Level 3.5 Charms
 + Level 3.4 Necromancy
 * Level 7.0 Fire Magic
 - Level 1.2 Evocations


You couldn't memorise any spells.
You knew the following spells:

 Your Spells              Type           Power        Failure   Level  Hunger
a - Flame Tongue          Conj/Fire      #####        1%          1    None
b - Sticky Flame          Conj/Fire      #####...     10%         4    ####...
c - Conjure Flame         Conj/Fire      #####...     2%          3    ##.....
d - Regeneration          Chrm/Necr      ###.......   9%          3    ##.....
e - Sublimation of Blood  Necr           ###.......   4%          2    #......
f - Fireball              Conj/Fire      #####.....   26%         5    ######.

Your spell library contained the following spells:

 Spells                   Type           Power        Failure   Level  Hunger
 Throw Flame              Conj/Fire      #####.       1%          2    #......
 Pain                     Necr           ###.         3%          1    None
 Corpse Rot               Necr           N/A          4%          2    #......
 Inner Flame              Hex/Fire       ####....     9%          3    ##.....
 Sandblast                Erth           #.....       12%         1    None
 Stone Arrow              Conj/Erth      ###...       12%         3    ##.....
 Passwall                 Tmut/Erth      #.......     19%         2    #......
 Petrify                  Tmut/Erth      #.......     77%         4    ####...
 Lee's Rapid Deconstruct  Erth           #.........   98%         5    ######.


Dungeon Overview and Level Annotations

Branches:
Dungeon (8/15)             Temple (1/1) D:4
   Lair: D:8-11

Altars:
Ashenzari
Cheibriados
Dithmenos
Elyvilon
Fedhas
Gozag
Hepliaklqana
Kikubaaqudgha
Makhleb
Nemelex Xobeh
Okawaru
Qazlal
Trog
Uskayaw
Wu Jian
Xom
Yredelemnul
Zin
The Shining One

Shops:
D:4 *   D:5 *

Annotations:
D:8 Maurice


Innate Abilities, Weirdness & Mutations

You have a pair of small horns on your head.
Your skin changes colour to match your surroundings (Stealth+).
You are agile. (Dex +2)
Armour fits poorly on your strangely shaped body.


Message History

The dream sheep bleats!
You hear a shout!
You hear a roar!
The dream sheep ruffle their wool and motes of dream dust sparkle, to no effect.
A big kobold comes into view. It is wielding a +0 short sword.
The dream sheep ruffle their wool and motes of dream dust sparkle, to no effect.
The dream sheep shake their wool and sparkle.
You feel drowsy...
You fall asleep.
The yak closely misses you.
The big kobold hits the plant but does no damage.
The dream sheep bites you!
You wake up.
The three-headed hydra bites you! x2
The three-headed hydra closely misses you.
The big kobold hits the plant but does no damage.
The yak gores you.
Okay, then.
You enter the shallow water.
Moving in this stuff is going to be slow.
The dream sheep bites you!
* * * LOW HITPOINT WARNING * * *
The three-headed hydra misses you. The three-headed hydra bites you!
You die...
Kikubaaqudgha rasps: "You have failed me!
Welcome... death!"

####### ## #%%...+ .#
#....?# )# ##'''###'#
#############.....P≈.#
............#..P.K≈≈P#
##########.##..K.YP≈≈#
............#..YYD.≈P#
.#########..#.≈Y@.≈PP#
.# #..####.##### (#
#.........# .#
#((.......+
##########(........#
.........(.........#
###########..........
#......#######.#...
#...>..# ......


You could see a three-headed hydra, 2 yaks, 2 big kobolds and 2 dream sheep.

Vanquished Creatures
  Eustachio (D:6)
  2 water moccasins (D:4)
  An orc warrior (D:6)
  A black bear (D:6)
  A phantom (D:6)
  3 sky beasts
  4 ogres
  A centaur (D:8)
  2 big kobolds
  A gnoll sergeant (D:7)
  A bullfrog (D:6)
  A scorpion (D:5)
  A crimson imp (D:6)
  2 jellies (D:5)
  A quasit (D:6)
  2 hounds
  2 orc priests
  3 bullfrog skeletons
  5 orc wizards
  A worker ant (D:6)
  A killer bee zombie (D:8)
  A worker ant zombie (D:3)
  7 gnolls
  7 adders
  3 worms
  A dart slug (D:2)
  A leopard gecko (D:3)
  18 orcs
  5 giant cockroaches
  3 hobgoblins (D:1)
  10 jackals
  8 kobolds
  3 quokkas
  5 ball pythons
  A bat (D:1)
  9 frilled lizards
  3 goblins
  3 rats (D:1)
125 creatures vanquished.

Notes
Turn   | Place    | Note
-------+----------+-------------------------------------------
     0 | D:1      | tkbsonic5 the Human Fire Elementalist began the quest for
                  | the Orb.
     0 | D:1      | Reached XP level 1. HP: 13/13 MP: 3/3
   176 | D:1      | Reached XP level 2. HP: 20/20 MP: 0/5
   296 | D:1      | Learned a level 2 spell: Throw Flame
  1062 | D:1      | Reached XP level 3. HP: 20/25 MP: 0/6
  1122 | D:1      | Learned a level 3 spell: Conjure Flame
  1322 | D:2      | Found a white marble altar of Elyvilon.
  1389 | D:2      | Gained mutation: You are agile. (Dex +2) [potion of
                  | mutation]
  1389 | D:2      | Gained mutation: Armour fits poorly on your strangely
                  | shaped body. [potion of mutation]
  1389 | D:2      | Gained mutation: Your skin changes colour to match your
                  | surroundings (Stealth+). [potion of mutation]
  1389 | D:2      | Gained mutation: You have a pair of small horns on your
                  | head. [potion of mutation]
  1477 | D:2      | Reached skill level 1 in Fighting
  2095 | D:3      | Reached XP level 4. HP: 32/32 MP: 4/7
  2767 | D:4      | Found a snail-covered altar of Cheibriados.
  2777 | D:4      | Reached XP level 5. HP: 30/37 MP: 3/8
  2831 | D:4      | Found an ancient bone altar of Kikubaaqudgha.
  2839 | D:4      | Became a worshipper of Kikubaaqudgha
  3084 | D:4      | Learned a level 3 spell: Inner Flame
  3191 | D:4      | Reached skill level 4 in Fire Magic
  3191 | D:4      | Reached XP level 6. HP: 34/43 MP: 1/10
  3394 | D:4      | Noticed an ogre
  3403 | D:4      | Killed an ogre
  3481 | D:4      | Found a staircase to the Ecumenical Temple.
  3552 | Temple   | Entered the Ecumenical Temple
  3743 | D:4      | Found Urchenn's Serpentskin Sales.
  3744 | D:4      | Noticed a water moccasin
  3745 | D:4      | Noticed a water moccasin
  3764 | D:4      | Killed a water moccasin
  3764 | D:4      | Reached XP level 7. HP: 20/48 MP: 3/12
  3776 | D:4      | Killed a water moccasin
  3941 | D:4      | Reached * piety under Kikubaaqudgha
  3941 | D:4      | Identified Kikubaaqudgha's Reference Book on Black Secrets
                  | (Kikubaaqudgha gifted it to you on level 4 of the Dungeon)
  3941 | D:4      | Received a gift from Kikubaaqudgha
  3983 | D:4      | Learned a level 2 spell: Sublimation of Blood
  3989 | D:4      | Learned a level 4 spell: Sticky Flame
  3994 | D:4      | Learned a level 3 spell: Regeneration
  4015 | D:4      | Bought a +0 mace of venom for 56 gold pieces
  4015 | D:4      | Bought a +0 ring mail of poison resistance for 80 gold
                  | pieces
  4270 | D:5      | Entered Level 5 of the Dungeon
  4623 | D:5      | Reached XP level 8. HP: 54/54 MP: 8/13
  4830 | D:5      | Found Bing's Elemental Accessories.
  4888 | D:5      | Reached skill level 1 in Necromancy
  4888 | D:5      | Reached skill level 5 in Fire Magic
  5202 | D:5      | Reached skill level 1 in Charms
  5202 | D:5      | Reached skill level 1 in Evocations
  5846 | D:6      | Reached XP level 9. HP: 41/61 MP: 3/15
  5874 | D:6      | Reached ** piety under Kikubaaqudgha
  5991 | D:6      | Reached skill level 6 in Fire Magic
  6262 | D:6      | Found a shattered altar of Ashenzari.
  6264 | D:6      | Noticed Eustachio
  6324 | D:6      | Killed Eustachio
  6362 | D:6      | Reached skill level 5 in Conjurations
  6735 | D:7      | Found a white marble altar of Elyvilon.
  6764 | D:7      | Reached skill level 5 in Spellcasting
  6871 | D:7      | Found a shimmering altar of Xom.
  6872 | D:7      | Found a shimmering altar of Xom.
  6872 | D:7      | Found a shimmering altar of Xom.
  6872 | D:7      | Found a shimmering altar of Xom.
  6872 | D:7      | Found a shimmering altar of Xom.
  6872 | D:7      | Found a shimmering altar of Xom.
  7048 | D:7      | Found a shadowy altar of Dithmenos.
  7126 | D:7      | Learned a level 5 spell: Fireball
  7701 | D:8      | Noticed Maurice
  7997 | D:8      | Reached skill level 7 in Fire Magic
  8054 | D:8      | Noticed a three-headed hydra
  8063 | D:8      | Slain by a three-headed hydra

Levels and vault maps discovered:
D:1:      dpeg_arrival_tiny_a, layout_loops_ring
D:2:      layout_rooms, first_ration, elyvilon_altar_4
D:3:      layout_rooms
D:4:      layout_basic, nicolae_overflow_crystal_walls, old_standard_altar,
          temple_hall, guppyfry_shop_venom
D:5:      layout_loops_corners, minmay_crystal_water, nicolae_elemental_shop,
          grunt_ministairs_10
D:6:      layout_rooms, lemuel_round_altar, uniq_eustachio
D:7:      layout_basic, kennysheep_mini_moat, lemuel_doored_altar,
          xom_redecorated
D:8:      layout_basic, nicolae_ossuary_entry_false_entrances, hangedman_ranch
          [blue_anna_fruit_fields], uniq_maurice
Temple:   nicolae_temple_x_marks_the_god

Skill      XL: |  1  2  3  4  5  6  7  8  9 |
---------------+----------------------------+-----
Fighting       | 1 2 |  2.0
Conjurations   | 2 3 4 5 |  5.4
Fire Magic     | 4 5 7 |  7.0
Spellcasting   | 3 4 5 |  5.1
Dodging        | 3 |  3.5
Stealth        | 3 |  3.8
Necromancy     | 2 3 |  3.4
Charms         | 2 3 |  3.5
Evocations     | 1 |  1.2
Maces & Flails | |  0.3

Action                   |  1- 3 |  4- 6 |  7- 9 || total
-------------------------+-------+-------+-------++-------
Melee: Club              |     1 |       |       ||     1
       Unarmed           |     1 |       |       ||     1
       Mace              |    27 |       |    78 ||   105
       Dagger            |     3 |    20 |       ||    23
       Flail             |     8 |     2 |       ||    10
       Headbutt          |     1 |     1 |     9 ||    11
Throw: Dart              |       |    18 |   119 ||   137
 Cast: Flame Tongue      |    40 |    27 |   136 ||   203
       Throw Flame       |    12 |    14 |     3 ||    29
       Inner Flame       |       |     3 |       ||     3
       Conjure Flame     |       |     3 |    22 ||    25
       Sublimation of Bl |       |       |    14 ||    14
       Regeneration      |       |       |    13 ||    13
       Fireball          |       |       |     4 ||     4
       Sticky Flame      |       |       |     4 ||     4
Evoke: Wand              |       |       |     2 ||     2
  Use: Scroll            |     5 |     6 |    14 ||    25
       Potion            |     1 |       |     9 ||    10
 Stab: Sleeping          |       |     3 |     2 ||     5
  Eat: Chunk             |     5 |     3 |     8 ||    16
       Ration            |       |     1 |     4 ||     5
Armor: Robe              |     3 |     3 |    15 ||    21
       Ring mail         |     1 |       |       ||     1
Dodge: Dodged            |    37 |    12 |   105 ||   154
